AoeStats
← Fideos+Salsa

Arena

510026395Analyzed
4v4 RM · 2d ago on Sep 29, 2026· 63m 17s· 8 players
Game mode
Random Map
Map size
Large (8 player)
Population
200
Speed
Normal
Resources
Standard
Victory
Conquest
Starting age
Dark Age
Ending age
Imperial Age
RankedLock teamsTeams togetherTeam positionsShared explorationLock speedFull tech treeHidden civsTurbo modeCheats
Victory
Defeat
🇺🇸 Bulgarians · United States
978
+19
🇳🇿 Vietnamese · New Zealand
960
+20
🇭🇰 Spanish · Hong Kong SAR China
896
+21
🇻🇪 Celts · Venezuela
888
+22
🇨🇱 Khmer · Chile
1302
-29
🇨🇱 Japanese · Chile
1082
-22
🇨🇱 Italians · Chile
1057
-23
🇨🇱 Byzantines · Chile
707
-8
Socrates_Johnson
10:18 Feudal Age
15:44 Castle Age
13:49 Double-Bit Axe
13:52 Horse Collar
15:53 Fletching
16:52 Bodkin Arrow
19:22 Bow Saw
24:13 Bodkin Arrow
24:41 Ballistics
25:01 Scale Barding Armor
25:07 Forging
26:12 Chain Barding Armor
26:50 Murder Holes
26:58 Stone Mining
28:36 Heavy Plow
29:48 Iron Casting
30:39 Wheelbarrow
29:53 Loom
30:04 Gold Mining
31:06 Stone Shaft Mining
32:53 Stirrups
33:21 Hand Cart
35:09 Gold Shaft Mining
34:06 Light Cavalry
34:58 Bloodlines
34:49 Husbandry
37:55 Imperial Age
36:49 Scale Mail Armor
36:29 Pikeman
40:05 Plate Barding Armor
40:31 Blast Furnace
40:36 Chain Mail Armor
40:56 Cavalier
42:23 Onager
44:13 Capped Ram
45:08 Hussar
46:35 Siege Ram
49:01 Conscription
51:59 Crop Rotation
51:57 Masonry
cheesyspudfries
11:17 Feudal Age
12:08 Double-Bit Axe
12:04 Horse Collar
15:42 Castle Age
14:07 Horse Collar
17:11 Wheelbarrow
17:03 Heavy Plow
17:14 Loom
17:45 Bow Saw
20:32 Hand Cart
24:46 Gold Mining
24:46 Stone Mining
29:50 Imperial Age
27:31 Scale Mail Armor
27:44 Husbandry
27:57 Bloodlines
29:04 Scale Barding Armor
30:16 Chatras
30:44 Chain Barding Armor
31:46 Chemistry
31:20 Elite Battle Elephant
33:18 Forging
34:13 Light Cavalry
35:33 Plate Barding Armor
42:28 Crossbowman
43:18 Thumb Ring
44:38 Padded Archer Armor
44:31 Fletching
45:15 Arbalester
47:11 Bodkin Arrow
47:41 Leather Archer Armor
Dryzar
0:26 Loom
8:40 Feudal Age
9:08 Double-Bit Axe
9:20 Horse Collar
11:34 Wheelbarrow
18:04 Castle Age
18:13 Stone Mining
18:14 Gold Mining
22:01 Bow Saw
22:05 Fletching
22:05 Town Watch
22:22 Heavy Plow
23:45 Hand Cart
24:02 Town Patrol
25:18 Bodkin Arrow
25:36 Forging
25:26 Scale Mail Armor
29:25 Iron Casting
30:51 Murder Holes
33:53 Imperial Age
32:04 Gambesons
32:05 Arson
31:45 Man-at-Arms
32:43 Masonry
33:47 Chain Mail Armor
34:26 Fortified Wall
33:57 Long Swordsman
35:39 Blast Furnace
35:09 Plate Mail Armor
34:39 Two-Handed Swordsman
35:25 Champion
36:52 Gold Shaft Mining
38:10 Capped Ram
39:55 Siege Ram
41:36 Conscription
41:10 Stronghold
42:34 Chemistry
45:46 Pikeman
47:02 Halberdier
49:09 Ballistics
48:55 Siege Engineers
John Rambo
10:59 Feudal Age
11:29 Double-Bit Axe
11:29 Horse Collar
19:25 Castle Age
18:50 Forging
18:46 Scale Barding Armor
21:20 Husbandry
21:39 Loom
23:09 Iron Casting
22:55 Chain Barding Armor
27:02 Heavy Plow
27:20 Gold Mining
32:10 Imperial Age
32:09 Bloodlines
34:34 Chemistry
35:05 Wheelbarrow
34:06 Elite Conquistador
35:51 Conscription
36:42 Blast Furnace
36:17 Plate Barding Armor
35:41 Cavalier
37:57 Plate Barding Armor
42:10 Paladin
43:47 Paladin
45:14 Conscription
55:37 Conscription
58:01 Scale Mail Armor
58:57 Chain Mail Armor
58:51 Squires
58:36 Arson
58:12 Pikeman
59:49 Plate Mail Armor
60:54 Halberdier
jorgex0000
6:09 Loom
10:27 Feudal Age
12:13 Loom
14:48 Castle Age
13:25 Stone Mining
13:58 Double-Bit Axe
14:49 Horse Collar
18:54 Bow Saw
26:23 Wheelbarrow
30:26 Imperial Age
28:08 Gold Mining
30:00 Hand Cart
32:27 Gold Shaft Mining
31:52 Heavy Scorpion
34:00 Kataparuto
34:54 Heavy Plow
35:02 Scale Barding Armor
35:00 Scale Mail Armor
35:05 Scale Barding Armor
36:02 Conscription
36:08 Pikeman
36:49 Squires
36:33 Elite Samurai
36:56 Halberdier
38:33 Halberdier
41:43 Gambesons
43:01 Chemistry
42:22 Ballistics
42:25 Chain Mail Armor
42:20 Forging
42:31 Chain Barding Armor
43:23 Bloodlines
43:13 Husbandry
42:34 Light Cavalry
44:41 Cavalier
46:14 Fortified Wall
46:26 Masonry
45:56 Treadmill Crane
46:22 Siege Engineers
45:47 Man-at-Arms
46:52 Murder Holes
53:34 Iron Casting
59:50 Elite Skirmisher
Cuchorro
0:33 Loom
12:34 Feudal Age
16:22 Castle Age
14:16 Stone Mining
15:04 Gold Mining
15:00 Double-Bit Axe
15:13 Horse Collar
15:58 Fletching
18:43 Fervor
19:15 Stone Shaft Mining
21:38 Sanctity
24:11 Loom
24:17 Loom
24:36 Heavy Plow
24:52 Bow Saw
25:32 Silk Road
25:35 Bodkin Arrow
27:47 Wheelbarrow
27:26 Padded Archer Armor
28:06 Scale Mail Armor
28:03 Town Watch
32:00 Imperial Age
30:00 Leather Archer Armor
30:48 Redemption
31:00 Squires
31:18 Forging
31:26 Hand Cart
32:11 Ballistics
31:54 Arson
33:37 Conscription
32:39 Elite Genoese Crossbowman
36:01 Chemistry
35:05 Bracer
37:57 Ring Archer Armor
44:12 Iron Casting
43:54 Chain Mail Armor
49:22 Two-Man Saw
49:47 Plate Mail Armor
50:18 Blast Furnace
49:20 Town Patrol
49:26 Caravan
Fideos+Salsa
1:07 Loom
12:34 Feudal Age
15:23 Double-Bit Axe
16:58 Horse Collar
19:50 Wheelbarrow
25:30 Castle Age
24:16 Gold Mining
27:16 Fortified Wall
28:03 Wheelbarrow
35:36 Wheelbarrow
45:58 Hand Cart
46:08 Bow Saw
54:45 Gold Shaft Mining
[TVDT] Emiliator
11:45 Feudal Age
13:35 Stone Mining
16:01 Castle Age
14:06 Double-Bit Axe
14:48 Horse Collar
15:03 Gold Mining
15:11 Loom
16:42 Wheelbarrow
18:01 Heavy Plow
18:46 Bow Saw
22:01 Fletching
23:09 Hand Cart
25:21 Stone Shaft Mining
28:13 Gold Shaft Mining
31:43 Imperial Age
29:03 Town Watch
28:46 Elite Skirmisher
29:48 Bodkin Arrow
30:00 Scale Barding Armor
30:25 Ballistics
30:33 Padded Archer Armor
33:23 Bracer
33:44 Chain Barding Armor
33:39 Leather Archer Armor
34:28 Chemistry
34:32 Crop Rotation
34:18 Tusk Swords
34:47 Town Patrol
35:46 Elite Ballista Elephant
37:15 Double Crossbow
37:35 Conscription
41:41 Ring Archer Armor
41:47 Plate Barding Armor
41:44 Ring Archer Armor
52:41 Caravan
56:59 Forging
56:49 Scale Mail Armor
58:36 Iron Casting
57:52 Pikeman
59:19 Halberdier
61:12 Chain Mail Armor
63:47 Blast Furnace
Connection lost

Rejoining the realm…

Still unreachable

The connection could not be restored.

Session expired

The server has moved on; the page needs a fresh start.